 Dungeon Crawl Stone Soup version 0.23-a0-577-g2b1de94 (webtiles) character file.

55407 Firecrotchwizard the Severer (level 14, -2/121 HPs)
             Began as a Minotaur Gladiator on Dec 16, 2018.
             Was a Follower of Uskayaw.
             Slain by a komodo dragon (4 damage)
             ... on level 6 of the Lair of Beasts.
             The game lasted 00:34:36 (20266 turns).

Firecrotchwizard the Severer (Minotaur Gladiator)  Turns: 20266, Time: 00:34:37

Health: -2/121     AC: 31    Str: 23    XL:     14   Next: 38%
Magic:  11/22      EV: 11    Int:  5    God:    Uskayaw [*.....]
Gold:   984        SH:  0    Dex: 13    Spells: 13/13 levels left

rFire    + + +     SeeInvis .   N - +3 flail (protect)
rCold    + . .     Gourm    .   (no shield)
rNeg     . . .     Faith    +   w - +0 chain mail
rPois    +         Spirit   .   c - +1 hat
rElec    .         Reflect  .   b - scarf {rC+ rF+}
rCorr    .         Harm     .   x - +2 pair of gloves
MR       +....                  P - +3 pair of boots "Onoxkoj" {rF++}
Stlth    ..........             H - amulet of faith {Faith, !P}
HPRegen  0.30/turn              o - +2 ring of protection
MPRegen  0.18/turn              m - ring of poison resistance {rPois, !d}

@: protection aura
A: retaliatory headbutt, horns 2
a: Stomp, Renounce Religion


You were on level 6 of the Lair of Beasts.
You worshipped Uskayaw.
Uskayaw was pleased with you.
You were hungry.

You visited 2 branches of the dungeon, and saw 16 of its levels.

You collected 1023 gold pieces.
You spent 39 gold pieces at shops.

Inventory:

Hand Weapons
 k - a +1 broad axe
   (You found it on level 9 of the Dungeon)
 u - a +0 battleaxe
   (You took it off a naga on level 3 of the Lair of Beasts)
 F - a +0 blowgun
   (You took it off a kobold on level 6 of the Dungeon)
 N - a +3 flail of protection (weapon)
   (You took it off Edmund on level 6 of the Dungeon)
Missiles
 d - 3 throwing nets {=f, !d}
 E - 10 curare-tipped needles
 G - 25 poisoned needles
Armour
 b - a scarf of resistance (worn)
   (You found it on level 2 of the Lair of Beasts)
 c - a +1 hat (worn)
 w - a +0 chain mail (worn)
   (You took it off an orc on level 3 of the Dungeon)
 x - a +2 pair of gloves (worn)
   (You found it on level 4 of the Dungeon)
 y - a scarf of spirit shield
   (You found it on level 4 of the Lair of Beasts)
 P - the +3 pair of boots "Onoxkoj" (worn) {rF++}
   (You found it on level 2 of the Lair of Beasts)

   It greatly protects you from fire.
Jewellery
 e - an uncursed amulet of regeneration {+regen, !d}
   (You found it on level 2 of the Lair of Beasts)
 m - a ring of poison resistance (right hand) {rPois, !d}
   (You found it on level 1 of the Dungeon)
 o - a +2 ring of protection (left hand)
   (You found it on level 2 of the Lair of Beasts)
 A - an uncursed ring of protection from magic {MR+, !d}
   (You found it on level 5 of the Lair of Beasts)
 H - an amulet of faith (around neck) {Faith, !P}
   (You found it on level 6 of the Dungeon)
 M - an uncursed ring of positive energy {rN+}
   (You found it on level 10 of the Dungeon)
 O - an uncursed amulet of the gourmand {Gourm, !d}
   (You found it on level 3 of the Lair of Beasts)
Wands
 a - a wand of digging (6)
   (You found it on level 2 of the Lair of Beasts)
 g - a wand of paralysis (18)
   (You found it on level 3 of the Dungeon)
 n - a wand of disintegration (6)
   (You found it on level 3 of the Lair of Beasts)
 L - a wand of random effects (25)
   (You took it off Pikel on level 6 of the Dungeon)
 Q - a wand of scattershot (5)
   (You found it on level 5 of the Lair of Beasts)
Scrolls
 h - 4 scrolls of enchant weapon
 j - 4 scrolls of identify
 l - 4 scrolls of blinking {!r}
 q - 7 scrolls of remove curse
 K - a scroll of teleportation
Potions
 i - 2 potions of magic
 p - 2 potions of agility {unknown}
 r - a potion of invisibility {unknown}
 s - 3 potions of berserk rage {unknown}
 t - 3 potions of might {unknown}
 v - 2 potions of haste {unknown}
 z - a potion of flight {unknown}
 B - 6 potions of brilliance
 D - 4 potions of heal wounds {unknown}
 I - 5 potions of curing
 J - 3 potions of degeneration {unknown}
 R - a potion of lignification {unknown}
Comestibles
 f - 31 rations
 C - 11 chunks of flesh {@w0}


   Skills:
 - Level 10.1 Fighting
 - Level 18.0 Axes
 - Level 3.9 Throwing
 + Level 13.2 Armour
 - Level 5.0 Dodging
 + Level 13.2 Invocations


You had 13 spell levels left.
You didn't know any spells.
Your spell library contained the following spells:

 Spells                   Type           Power        Failure   Level  Hunger
 Animate Skeleton         Necr           N/A          95%         1    ##.....
 Apportation              Tloc           #.....       95%         1    ##.....
 Confusing Touch          Hex            #.....       95%         1    ##.....
 Sting                    Conj/Pois      #...         95%         1    ##.....
 Summon Small Mammal      Summ           #...         95%         1    ##.....
 Poisonous Vapours        Pois/Air       #.....       98%         2    ###....
 Conjure Flame            Conj/Fire      #.......     100%        3    ####...
 Mephitic Cloud           Conj/Pois/Air  #.......     100%        3    ####...
 Olgreb's Toxic Radiance  Pois           #.......     100%        4    #####..
 Bolt of Magma            Conj/Fire/Erth #.........   100%        5    ######.
 Iskenderun's Battlesphe  Conj/Chrm      #.......     100%        5    ######.
 Venom Bolt               Conj/Pois      #.........   100%        5    ######.
 Freezing Cloud           Conj/Ice/Air   #.........   100%        6    #######
 Iron Shot                Conj/Erth      #.........   100%        6    #######
 Orb of Destruction       Conj           #.........   100%        7    #######
 Ring of Flames           Chrm/Fire      #.........   100%        7    #######
 Spellforged Servitor     Conj/Summ      #.........   100%        7    #######


Dungeon Overview and Level Annotations

Branches:
Dungeon (10/15)            Temple (0/1) D:7            Lair (6/6) D:8
  Swamp (0/4) Lair:2        Snake (0/4) Lair:3        Slime (0/5) Lair:5
    Orc: D:9-12

Altars:
Dithmenos
Fedhas
Hepliaklqana
Makhleb
Okawaru
Qazlal
Uskayaw
Wu Jian
Jiyva

Shops:
D:5 }   D:6 !*!   D:8 :

Annotations:
D:9 3 runed doors, Zonian's ghost, journeyman GnSk
Lair:1 2 runed doors, Hiphoyts's ghost, journeyman DrCj
Lair:2 exclusion: 2 oklob plants
Lair:3 exclusion: oklob plant
Lair:6 2 runed doors


Innate Abilities, Weirdness & Mutations

You reflexively headbutt those who attack you in melee.
You have a pair of horns on your head.


Message History

The six-headed hydra bites you!
You take 21 damage, and have 89/121 hp.
Your +3 flail of protection hums with potential!
N - a +3 flail of protection (weapon)
The six-headed hydra barely misses you. x2; The six-headed hydra bites you.
The six-headed hydra bites you but does no damage.
The six-headed hydra closely misses you.
The six-headed hydra bites you but does no damage.
You take 1 damage, and have 88/121 hp.
You thump the six-headed hydra!
Your weapon exudes an aura of protection.
You barely miss the six-headed hydra. You headbutt the six-headed hydra!
The six-headed hydra bites you.
The six-headed hydra closely misses you.
The six-headed hydra bites you but does no damage.
The six-headed hydra barely misses you.
The six-headed hydra bites you but does no damage.
The six-headed hydra bites you.
You take 5 damage, and have 83/121 hp.
You sock the six-headed hydra! The six-headed hydra bites you.
The six-headed hydra bites you but does no damage.
The six-headed hydra bites you!
The six-headed hydra barely misses you. x2
The six-headed hydra bites you but does no damage.
You take 15 damage, and have 68/121 hp.
You sock the six-headed hydra! The six-headed hydra bites you!
The six-headed hydra bites you but does no damage. x4
The six-headed hydra bites you!
You can now merge with and destroy a victim.
You take 16 damage, and have 52/121 hp.
Okay, then.
You hit the six-headed hydra.
The six-headed hydra bites you but does no damage.
The six-headed hydra bites you. x2
The six-headed hydra bites you but does no damage. x3
You take 5 damage, and have 47/121 hp.
You barely miss the six-headed hydra.
The dream sheep are wreathed in dream dust.
You feel drowsy...
You fall asleep.
The dream sheep bites you!!
You wake up.
* * * LOW HITPOINT WARNING * * *
The six-headed hydra bites you but does no damage.
The six-headed hydra bites you.
* * * LOW HITPOINT WARNING * * *
The six-headed hydra bites you but does no damage. x4
The dream sheep bites you but does no damage.
You take 25 damage, and have 22/121 hp.
MASSIVE DAMAGE!!
You bludgeon the six-headed hydra!! You headbutt the six-headed hydra!
The dream sheep closely misses you. You furiously retaliate!
You headbutt the dream sheep! The six-headed hydra barely misses you.
The six-headed hydra bites you!
* * * LOW HITPOINT WARNING * * *
The six-headed hydra bites you but does no damage. x3
The six-headed hydra barely misses you. The komodo dragon barely misses you.
You take 7 damage, and have 15/121 hp.
Unknown command.
Aim: a six-headed hydra (almost dead)
The six-headed hydra explodes violently!
You blow up the six-headed hydra!
You can no longer merge with and destroy a victim.
You feel quite a bit more hungry.
The dream sheep bites you but does no damage.
The dream sheep closely misses you. You furiously retaliate!
You headbutt the dream sheep, but do no damage.
The dream sheep bites you but does no damage.
The komodo dragon barely misses you.
You now have 14/22 mp.
You sock the komodo dragon! Your headbutt misses the komodo dragon.
The dream sheep bites you but does no damage.
The dream sheep closely misses you. x2; You furiously retaliate!
You headbutt the dream sheep. The komodo dragon closely misses you.
Unknown command.
You hit the komodo dragon. Your headbutt misses the komodo dragon.
The dream sheep barely misses you.
The dream sheep bites you but does no damage.
The dream sheep bites you.
* * * LOW HITPOINT WARNING * * *
The komodo dragon closely misses you.
You can now pass through a line of other dancers.
You take 3 damage, and have 12/121 hp.
Your chain mail prevents you from hitting the komodo dragon.
The dream sheep bites you but does no damage.
The dream sheep shake their wool and sparkle.
You feel drowsy...
You fall asleep.
The dream sheep bites you!
You wake up.
* * * LOW HITPOINT WARNING * * *
You take 10 damage, and have 2/121 hp.
You hit the komodo dragon. The dream sheep completely misses you.
The komodo dragon barely misses you. The dream sheep misses you.
The dream sheep closely misses you. You furiously retaliate!
You headbutt the dream sheep!
Unknown command.
Okay, then.
You stomp with the beat, sending a shockwave through the revelers around you!
You kill the dream sheep!
You are feeling hungry.
You can no longer pass through a line of other dancers.
The dream sheep bites you but does no damage. x2
The komodo dragon bites you.
You die...

?........%.## #.........%.
## #.........## # #§≈
#..........# #####≈≈#
##....%....# §≈§#§≈≈#
#.(.......# #§§§§#
#.....YY..### #§§§#
.......@Y...## .≈≈.####
......l}.%.#.#. )##.8#8#
#.$......%..%.. ......##
#.........#P... #......#
##.P..#..P# ... ......##
#.###...##.... .......##
## #....##.....
........#######..[.......#
§≈##........###...........


You could see a komodo dragon and 3 dream sheep.

Vanquished Creatures
  Rupert (Lair:3)
  2 entropy weavers (Lair:5)
  7 hydras
  A queen ant (Lair:5)
  A two-headed ogre (D:8)
  11 death yaks
  Pikel (D:6)
  A lindwurm (Lair:6)
  A necromancer (Lair:5)
  11 elephants
  7 black mambas
  2 molten gargoyles (Lair:6)
  9 spiny frogs
  A rime drake (Lair:6)
  10 komodo dragons
  Grinder (D:5)
  A hornet (D:9)
  2 tyrant leeches (Lair:2)
  6 dream sheep
  15 blink frogs
  8 hippogriffs
  Prince Ribbit (D:6)
  5 wyverns
  A spriggan (D:7)
  9 yaks
  3 steam dragons
  5 basilisks
  4 nagas (Lair:3)
  5 vampire mosquitoes (Lair:4)
  Edmund (D:6)
  Menkaure (D:6)
  3 insubstantial wisps (Lair:4)
  3 swamp worms (Lair:2)
  24 soldier ants
  10 water moccasins
  3 hell hounds (Lair:6)
  8 porcupines
  2 orc warriors
  A sky beast (D:6)
  A swamp drake (Lair:4)
  A black bear (D:9)
  3 ice beasts
  An ogre (D:6)
  2 phantoms
  2 centaurs
  24 wolves
  2 necrophages
  2 elephant zombies (Lair:5)
  14 crocodiles
  Blork the orc (D:5)
  A big kobold (D:6)
  16 bullfrogs
  Dowan (D:6)
  A wyvern zombie (D:6)
  A gnoll sergeant (D:6)
  4 scorpions
  5 wights (D:9)
  15 killer bees
  6 electric eels
  A centaur zombie (D:6)
  6 crimson imps
  A bullfrog zombie (D:8)
  4 lava snakes (Lair:6)
  A quasit (D:8)
  2 basilisk zombies (Lair:5)
  3 orc priests
  4 hounds
  2 jellies (D:8)
  2 iguanas (D:9)
  11 orc wizards
  23 worker ants
  A killer bee zombie (D:9)
  2 hound zombies
  2 worker ant zombies (D:9)
  Robin (D:2)
  10 gnolls
  A howler monkey skeleton (D:5)
  10 adders
  A shadow imp (D:7)
  An ooze (D:2)
  2 adder zombies (D:6)
  4 worms
  3 dart slugs
  3 leopard geckos
  26 orcs
  3 bats
  3 giant cockroaches
  15 goblins
  9 hobgoblins
  4 jackals
  3 quokkas
  5 frilled lizards
  12 kobolds
  A leopard gecko skeleton (D:8)
  2 quokka skeletons (D:5)
  3 rats
  3 fungi
  2 plants
483 creatures vanquished.

Vanquished Creatures (others)
  Duvessa (D:6)
  An adder skeleton (D:8)
  A bush (Lair:6)
  16 fungi
  6 plants
  13 toadstools (Lair:3)
  2 withered plants (D:9)
40 creatures vanquished.

Grand Total: 523 creatures vanquished

Notes
Turn   | Place    | Note
-------+----------+-------------------------------------------
     0 | D:1      | Firecrotchwizard the Minotaur Gladiator began the quest for
                  | the Orb.
     0 | D:1      | Reached XP level 1. HP: 18/18 MP: 0/0
    96 | D:1      | Reached XP level 2. HP: 23/25 MP: 1/1
   540 | D:2      | Reached skill level 4 in Axes
   556 | D:2      | Reached skill level 3 in Fighting
   556 | D:2      | Reached XP level 3. HP: 31/31 MP: 2/2
   557 | D:2      | Noticed Robin
   566 | D:2      | Killed Robin
   666 | D:2      | Noticed an earth elemental
   667 | D:2      | Found a stormy altar of Qazlal.
   670 | D:2      | Noticed a fire elemental
   670 | D:2      | Noticed a water elemental
   670 | D:2      | Noticed an air elemental
   701 | D:2      | Found an iron altar of Okawaru.
   747 | D:2      | Reached skill level 4 in Dodging
   747 | D:2      | Reached XP level 4. HP: 36/38 MP: 3/3
  1303 | D:3      | Reached skill level 3 in Throwing
  1411 | D:3      | Found a hazy altar of Hepliaklqana.
  1427 | D:3      | Found a hide-covered altar of Uskayaw.
  1456 | D:3      | Became a worshipper of Uskayaw the Reveler
  1500 | D:3      | Found an ornate altar of the Wu Jian Council.
  1505 | D:3      | Reached * piety under Uskayaw
  1507 | D:3      | Reached ** piety under Uskayaw
  1511 | D:3      | Reached *** piety under Uskayaw
  1723 | D:3      | Reached XP level 5. HP: 37/46 MP: 4/4
  1725 | D:3      | Reached **** piety under Uskayaw
  1726 | D:3      | Reached skill level 4 in Fighting
  1727 | D:3      | Reached skill level 5 in Axes
  2261 | D:4      | Reached XP level 6. HP: 41/52 MP: 5/5
  2550 | D:4      | Reached skill level 5 in Dodging
  2654 | D:4      | Found a shadowy altar of Dithmenos.
  2799 | D:5      | Entered Level 5 of the Dungeon
  2900 | D:5      | Found a burning altar of Makhleb.
  2946 | D:5      | Noticed Blork the orc
  2949 | D:5      | Reached skill level 5 in Fighting
  2949 | D:5      | Reached XP level 7. HP: 50/61 MP: 6/6
  2949 | D:5      | Reached skill level 6 in Axes
  2951 | D:5      | Reached skill level 1 in Invocations
  2966 | D:5      | Killed Blork the orc
  2967 | D:5      | HP: 8/61 [ice beast (9)]
  2969 | D:5      | Reached ***** piety under Uskayaw
  3388 | D:5      | Reached skill level 7 in Axes
  3388 | D:5      | Reached skill level 2 in Invocations
  3392 | D:5      | Found Mifia's Gadget Shoppe.
  3452 | D:5      | Noticed Grinder
  3475 | D:5      | Killed Grinder
  3475 | D:5      | Reached skill level 6 in Fighting
  3475 | D:5      | Reached XP level 8. HP: 70/70 MP: 7/9
  3517 | D:5      | Reached skill level 3 in Invocations
  3533 | D:5      | Reached skill level 8 in Axes
  3818 | D:6      | Found Numaki's Distillery.
  3951 | D:6      | Found Wosef's Whimsical Warehouse.
  3981 | D:6      | Reached skill level 9 in Axes
  4105 | D:6      | Noticed Prince Ribbit
  4110 | D:6      | Reached skill level 7 in Fighting
  4110 | D:6      | Reached skill level 4 in Invocations
  4114 | D:6      | Killed Prince Ribbit
  4284 | D:6      | Found Qugaq's Distillery.
  4289 | D:6      | Bought a potion of curing for 39 gold pieces
  4309 | D:6      | Noticed Menkaure
  4313 | D:6      | Reached XP level 9. HP: 73/79 MP: 11/11
  4317 | D:6      | Killed Menkaure
  4319 | D:6      | Reached skill level 10 in Axes
  4827 | D:6      | Noticed Edmund
  4841 | D:6      | Killed Edmund
  4843 | D:6      | Reached skill level 5 in Invocations
  4865 | D:6      | Noticed Pikel
  4867 | D:6      | Noticed Duvessa
  4869 | D:6      | Noticed Dowan
  4873 | D:6      | Killed Pikel
  4873 | D:6      | Reached skill level 8 in Fighting
  4888 | D:6      | Killed Duvessa
  4888 | D:6      | Reached skill level 11 in Axes
  4894 | D:6      | Killed Dowan
  5550 | D:7      | Found a staircase to the Ecumenical Temple.
  5750 | D:7      | Reached skill level 6 in Invocations
  5804 | D:7      | Reached XP level 10. HP: 81/90 MP: 13/13
  5838 | D:7      | Reached skill level 9 in Fighting
  6236 | D:7      | Reached skill level 12 in Axes
  6453 | D:8      | Noticed a two-headed ogre
  6462 | D:8      | Killed a two-headed ogre
  6718 | D:8      | Found Elutof's Book Shop.
  6964 | D:8      | Reached skill level 7 in Invocations
  6979 | D:8      | Reached skill level 13 in Axes
  6990 | D:8      | Found a staircase to the Lair.
  7005 | D:8      | Reached skill level 10 in Fighting
  8013 | D:8      | HP: 20/93 [electric eel/bolt of electricity (5)]
  8015 | D:8      | HP: 5/93 [electric eel/bolt of electricity (7)]
  8383 | D:9      | Reached skill level 1 in Armour
  8606 | D:9      | Reached skill level 2 in Armour
  8621 | D:9      | Found a runed gate.
  8622 | D:9      | Found a runed gate.
  8623 | D:9      | Found a runed gate.
  8631 | D:9      | Reached XP level 11. HP: 81/99 MP: 15/15
  8857 | D:9      | Noticed Zonian's ghost (journeyman GnSk)
  8858 | D:9      | Noticed Zonian's ghost (journeyman GnSk)
  8919 | D:10     | Entered Level 10 of the Dungeon
  8989 | D:10     | Noticed an orc knight
  9112 | Lair:1   | Entered Level 1 of the Lair of Beasts
  9390 | Lair:1   | Reached skill level 3 in Armour
  9493 | Lair:1   | Reached skill level 14 in Axes
  9812 | Lair:1   | Reached skill level 8 in Invocations
 10040 | Lair:1   | Reached skill level 4 in Armour
 10072 | Lair:1   | Noticed an eight-headed hydra
 10080 | Lair:1   | Killed an eight-headed hydra
 10085 | Lair:1   | HP: 17/99 [black mamba (12)]
 10543 | Lair:1   | Reached skill level 5 in Armour
 10642 | Lair:1   | Reached skill level 15 in Axes
 10821 | Lair:1   | Found a large runed door.
 10822 | Lair:1   | Found a large runed door.
 10857 | Lair:1   | Noticed Hiphoyts's ghost (journeyman DrCj)
 11403 | Lair:2   | Reached skill level 9 in Invocations
 11404 | Lair:2   | Reached ****** piety under Uskayaw
 11461 | Lair:2   | Got a slimy robe
 11527 | Lair:2   | Noticed an oklob plant
 11562 | Lair:2   | Reached skill level 6 in Armour
 11656 | Lair:2   | Got a pair of ichor-stained boots
 11667 | Lair:2   | Identified the +3 pair of boots "Onoxkoj" {rF++} (You found
                  | it on level 2 of the Lair of Beasts)
 11778 | Lair:2   | Found a staircase to the Swamp.
 12659 | Lair:2   | Noticed an oklob plant
 12726 | Lair:3   | Reached XP level 12. HP: 106/106 MP: 17/17
 12858 | Lair:3   | Found a staircase to the Snake Pit.
 12858 | Lair:3   | Noticed Rupert
 12874 | Lair:3   | Killed Rupert
 12874 | Lair:3   | Reached skill level 16 in Axes
 12874 | Lair:3   | Reached skill level 7 in Armour
 13413 | Lair:3   | Found a blossoming altar of Fedhas.
 14035 | Lair:4   | Noticed an eight-headed hydra
 14037 | Lair:4   | Killed an eight-headed hydra
 14037 | Lair:4   | Reached skill level 8 in Armour
 14037 | Lair:4   | Reached skill level 10 in Invocations
 14809 | Lair:4   | Reached skill level 17 in Axes
 15746 | Lair:5   | Reached skill level 9 in Armour
 15769 | Lair:5   | Reached XP level 13. HP: 92/113 MP: 19/19
 15806 | Lair:5   | Noticed an entropy weaver
 15832 | Lair:5   | Killed an entropy weaver
 16461 | Lair:5   | Noticed an entropy weaver
 16474 | Lair:5   | Killed an entropy weaver
 16632 | Lair:5   | Found a staircase to the Slime Pits.
 16632 | Lair:5   | Found a viscous altar of Jiyva.
 16639 | Lair:5   | Reached skill level 11 in Invocations
 16641 | Lair:5   | Reached skill level 18 in Axes
 16641 | Lair:5   | Reached skill level 10 in Armour
 17370 | Lair:5   | Reached skill level 11 in Armour
 17666 | Lair:6   | Entered Level 6 of the Lair of Beasts
 17677 | Lair:6   | Reached skill level 12 in Invocations
 18009 | Lair:6   | HP: 28/113 [poisoned by a water moccasin]
 18015 | Lair:6   | HP: 28/113 [poisoned by a water moccasin]
 18022 | Lair:6   | HP: 28/113 [poisoned by a water moccasin]
 18344 | Lair:6   | Reached skill level 12 in Armour
 18353 | Lair:6   | Reached XP level 14. HP: 111/121 MP: 22/22
 18394 | Lair:6   | HP: 30/121 [poisoned by a black mamba]
 18891 | Lair:6   | HP: 29/121 [basilisk (6)]
 19163 | Lair:6   | Found a large runed door.
 19173 | Lair:6   | Found a large runed door.
 19987 | Lair:6   | Reached skill level 13 in Invocations
 20217 | Lair:6   | Reached skill level 13 in Armour
 20259 | Lair:6   | HP: 23/121 [dream sheep (24)]
 20264 | Lair:6   | HP: 2/121 [dream sheep (11)]
 20266 | Lair:6   | Slain by a komodo dragon

Vault maps used:
D:1:      minmay_arrival_split_and_join
D:2:      nicolae_qazlal_style_of_elements, old_standard_altar,
          minmay_heptomino_d4, uniq_robin
D:3:      grunt_temple_overflow_open, nicolae_overflow_hidden_temple
D:4:      nicolae_dithmenos_through_a_glass_darkly, first_ration
D:5:      lemuel_coloured_pillars_altar, serial_shops, nicolae_shop_statue_plus,
          serial_bayou_pond_d, uniq_blork_the_orc, uniq_grinder
D:6:      serial_shops, kennysheep_little_box, shop, nicolae_alphabet_shops,
          uniq_duvessa, uniq_pikel, uniq_menkaure, uniq_prince_ribbit1,
          uniq_edmund
D:7:      temple_doors_ab, the_bakery, hangedman_decor_growths
D:8:      erik_lair_dragon, serial_shops, shop, serial_bayou,
          serial_bayou_pond_d, serial_bayou_pond_d, serial_bayou_pond_c,
          serial_bayou_pond_c, serial_bayou_lagoon_b
D:9:      gammafunk_ghost_cemetery
D:10:     orc_david_3, grunt_decor_fettered, uniq_josephine
Lair:1:   ebering_ghost_disaster_area, minmay_stone_trees_large,
          hangedman_lair_generics_rect
Lair:2:   minmay_swamp_entry_worms, minivault_26, minmay_lair_oklob_chamber
Lair:3:   minmay_snake_entry_guardpost_small, tgw_fedhas, lemuel_fruit_fields,
          grunt_megastairs_1, uniq_rupert
Lair:4:   pond
Lair:5:   pond_and_an_island_with_a_cottage, slime_altar_1, st_stairs_8,
          minivault_29
Lair:6:   cheibrodos_lair_end_hotspot, portal_ice_cave_entry_imps

Skill      XL: |  1  2  3  4  5  6  7  8  9 10 11 12 13 14 |
---------------+-------------------------------------------+-----
Axes           | 4 5 7 9 11 13 15 17 18 | 18.0
Fighting       | 3 4 5 6 7 8 10 | 10.1
Dodging        | 4 5 |  5.0
Throwing       | 3 |  3.9
Invocations    | 2 4 6 7 9 10 12 13 | 13.2
Armour         | 2 6 9 12 13 | 13.2

Action                   |  1- 3 |  4- 6 |  7- 9 | 10-12 | 13-15 || total
-------------------------+-------+-------+-------+-------+-------++-------
Melee: War axe           |    61 |   131 |   241 |   139 |       ||   572
       Headbutt          |    11 |    15 |    52 |   111 |    94 ||   283
       Broad axe         |       |       |       |   225 |       ||   225
       Flail             |       |       |       |    12 |    43 ||    55
       Battleaxe         |       |       |       |   175 |   369 ||   544
Invok: Stomp             |       |       |       |     2 |     1 ||     3
       Grand Finale      |       |       |       |     1 |     3 ||     4
Evoke: Wand              |       |       |     2 |     5 |     9 ||    16
  Use: Scroll            |       |       |    13 |    10 |     1 ||    24
       Potion            |       |       |       |     1 |     2 ||     3
 Stab: Paralysed         |       |     4 |    30 |    89 |    48 ||   171
  Eat: Chunk             |       |     6 |     7 |    29 |    16 ||    58
       Ration            |       |       |     1 |     1 |       ||     2
Armor: Ring mail         |    13 |    25 |       |       |       ||    38
       Leather armour    |     2 |       |       |       |       ||     2
       Chain mail        |       |    37 |   133 |   277 |   318 ||   765
Dodge: Dodged            |    33 |    95 |   102 |   303 |   199 ||   732

Table legend:
 A = Non-vault XP
 B = Vault XP
 C = Vault XP percentage of total XP
 D = Non-vault monster count
 E = Vault monster count
 F = Vault count percentage of total count
                 A         B        C        D         E       F
            +---------+---------+-------+---------+---------+-------
      Total |   50043 |   29110 |  36.8 |     341 |     139 |  29.0
            +---------+---------+-------+---------+---------+-------
        D:1 |      28 |       0 |   0.0 |      14 |       0 |   0.0
        D:2 |      57 |      39 |  40.6 |      15 |      14 |  48.3
        D:3 |     218 |       0 |   0.0 |      26 |       0 |   0.0
        D:4 |     304 |       0 |   0.0 |      15 |       0 |   0.0
        D:5 |     705 |     389 |  35.6 |      22 |       2 |   8.3
        D:6 |    1317 |    1462 |  52.6 |      26 |       6 |  18.8
        D:7 |    1445 |     205 |  12.4 |      28 |       1 |   3.4
        D:8 |    1940 |    1530 |  44.1 |      25 |       6 |  19.4
        D:9 |    1749 |       0 |   0.0 |      27 |       0 |   0.0
       D:10 |     359 |       0 |   0.0 |       6 |       0 |   0.0
     Lair:1 |    5937 |    1201 |  16.8 |      31 |       7 |  18.4
     Lair:2 |    1437 |    1510 |  51.2 |      13 |       7 |  35.0
     Lair:3 |    1148 |    4615 |  80.1 |       5 |      10 |  66.7
     Lair:4 |    5037 |    1681 |  25.0 |      22 |      10 |  31.2
     Lair:5 |   12689 |    9030 |  41.6 |      32 |      50 |  61.0
     Lair:6 |   15673 |    7448 |  32.2 |      34 |      26 |  43.3
            +---------+---------+-------+---------+---------+-------

Vault maps used:
D:1:      minmay_arrival_split_and_join
D:2:      nicolae_qazlal_style_of_elements, old_standard_altar,
          minmay_heptomino_d4, uniq_robin
D:3:      grunt_temple_overflow_open, nicolae_overflow_hidden_temple
D:4:      nicolae_dithmenos_through_a_glass_darkly, first_ration
D:5:      lemuel_coloured_pillars_altar, serial_shops, nicolae_shop_statue_plus,
          serial_bayou_pond_d, uniq_blork_the_orc, uniq_grinder
D:6:      serial_shops, kennysheep_little_box, shop, nicolae_alphabet_shops,
          uniq_duvessa, uniq_pikel, uniq_menkaure, uniq_prince_ribbit1,
          uniq_edmund
D:7:      temple_doors_ab, the_bakery, hangedman_decor_growths
D:8:      erik_lair_dragon, serial_shops, shop, serial_bayou,
          serial_bayou_pond_d, serial_bayou_pond_d, serial_bayou_pond_c,
          serial_bayou_pond_c, serial_bayou_lagoon_b
D:9:      gammafunk_ghost_cemetery
D:10:     orc_david_3, grunt_decor_fettered, uniq_josephine
Lair:1:   ebering_ghost_disaster_area, minmay_stone_trees_large,
          hangedman_lair_generics_rect
Lair:2:   minmay_swamp_entry_worms, minivault_26, minmay_lair_oklob_chamber
Lair:3:   minmay_snake_entry_guardpost_small, tgw_fedhas, lemuel_fruit_fields,
          grunt_megastairs_1, uniq_rupert
Lair:4:   pond
Lair:5:   pond_and_an_island_with_a_cottage, slime_altar_1, st_stairs_8,
          minivault_29
Lair:6:   cheibrodos_lair_end_hotspot, portal_ice_cave_entry_imps

Table legend:
 A = Turns spent in this place as a percentage of turns spent in the entire game.
 B = Non-inter-level travel turns spent in this place as a percentage of non-inter-level travel turns spent in the entire game.
 C = Inter-level travel turns spent in this place as a percentage of turns spent in this place.
 D = Turns resting spent in this place as a percentage of non-inter-level travel turns spent in this place.
 E = Turns spent auto-exploring this place as a percentage of non-inter-level travel turns spent in this place.
 F = Non-inter-level travel turns spent in this place divided by the number of levels of this place that you've seen.
                   A       B       C       D       E      F
               +-------+-------+-------+-------+-------+----------------------
         Total | 100.0 | 100.0 |   3.9 |  43.7 |  41.2 | 1217.8
       Dungeon |  46.0 |  44.9 |   6.2 |  35.6 |  48.2 | 874.6
          Lair |  54.0 |  55.1 |   1.9 |  50.3 |  35.5 | 1789.8
               +-------+-------+-------+-------+-------+----------------------

Table legend:
 A = Kills in this place as a percentage of kills in entire the game.
 B = Kills by you in this place as a percentage of kills by you in the entire game.
 C = Kills by friends in this place as a percentage of kills by friends in the entire game.
 D = Other kills in this place as a percentage of other kills in the entire game.
 E = Experience gained in this place as a percentage of experience gained in the entire game.
 F = Experience gained in this place divided by the number of levels of this place that you have seen.
                   A       B       C       D       E      F
               +-------+-------+-------+-------+-------+----------------------
         Total | 100.0 | 100.0 |   N/A | 100.0 | 100.0 | 4947.1
       Dungeon |  48.5 |  48.3 |   N/A | 100.0 |  14.8 | 1174.7
          Lair |  51.5 |  51.7 |   N/A |   0.0 |  85.2 | 11234.3
               +-------+-------+-------+-------+-------+----------------------
